 Dungeon Crawl Stone Soup version 0.25-a0-316-gd28d56f9c5 (webtiles) character file.

Game seed: 16030272974954883074, levelgen mode: deterministic

6 sankara the Sneak (level 1, 0/7 HPs)
             Began as a Vampire Enchanter on Dec 24, 2019.
             Slain by a hobgoblin (2 damage)
             ... on level 1 of the Dungeon.
             The game lasted 00:03:40 (108 turns).

sankara the Sneak (Vampire Enchanter)                Turns: 108, Time: 00:03:41

Health: 0/7        AC:  2    Str:  7    XL:     1   Next: 75%
Magic:  3/3        EV: 13    Int: 17    God:
Gold:   7          SH:  0    Dex: 14    Spells: 3/4 levels left

rFire    . . .     SeeInvis +   a - +1 dagger
rCold    + + .     Gourm    .   (no shield)
rNeg     + + +     Faith    .   b - +0 robe
rPois    ∞         Spirit   .   (no helmet)
rElec    .         Reflect  .   (no cloak)
rCorr    .         Harm     .   (no gloves)
MR       .....                  (no boots)
Stlth    +++++.....             (no amulet)
HPRegen  0.00/turn              (no ring)
MPRegen  0.08/turn              (no ring)

@: bloodless
A: no food, fangs 3, see invisible, [frail 2], unbreathing
a: Revivify


You were on level 1 of the Dungeon.
You were bloodless.

You visited 1 branch of the dungeon, and saw 1 of its levels.

You collected 7 gold pieces.

Inventory:

Hand Weapons
 a - a +1 dagger (weapon)
Armour
 b - a +0 robe (worn)


   Skills:
 + Level 1.3 Short Blades
 + Level 2.3 Dodging
 * Level 4.8 Stealth
 - Level 2.0 Spellcasting
 - Level 4.4 Hexes


You had 3 spell levels left.
You knew the following spells:

 Your Spells              Type           Power        Failure   Level  Hunger
a - Corona                Hex            ###....      3%          1    N/A

Your spell library contained the following spells:

 Spells                   Type           Power        Failure   Level  Hunger
 Confuse                  Hex            ###.....     10%         3    N/A
 Tukima's Dance           Hex            ###.....     10%         3    N/A
 Ensorcelled Hibernation  Hex/Ice        #.....       12%         2    N/A
 Dazzling Flash           Conj/Hex       #.....       24%         3    N/A

Dungeon Overview and Level Annotations

Branches:
Dungeon (1/15)

Altars:


Innate Abilities, Weirdness & Mutations

You do not eat.
You do not regenerate when monsters are visible.
You are frail without blood (-20% HP).
You can heal yourself when you bite living creatures.
You are immune to poison.
You have razor-sharp teeth.
You have supernaturally acute eyesight. (SInv)
You can survive without breathing.
[You are very frail. (-20% HP)]


Message History

Welcome, sankara the Vampire Enchanter.
Will you prevail where others failed? Will you find the Orb of Zot?
Press ? for a list of commands and other information.
Found 7 gold pieces.
Found two stairs.
Okay, then.
There is a stone staircase leading down here.
You now have 7 gold pieces.
An ooze comes into view.
You have 7 gold pieces.
The helpless ooze fails to defend itself.
You puncture the ooze!
You kill the ooze!
A hobgoblin comes into view.
The hobgoblin shouts!
You hear a shout!
You closely miss the hobgoblin.
Casting: Corona (safe; 3% risk of failure)
Confirm with . or Enter, or press ? or * to list all spells.
Aiming: Corona (safe; 3% risk of failure)
Press: ? - help, Shift-Dir - straight line, f - hobgoblin
Aim: a hobgoblin (chance to defeat MR: 71%)
The hobgoblin barely resists.
The hobgoblin misses you.
You hit the hobgoblin.
The hobgoblin is moderately wounded.
The hobgoblin closely misses you.
You barely miss the hobgoblin.
The hobgoblin is moderately wounded.
The hobgoblin hits you.
You hit the hobgoblin.
You kill the hobgoblin!
Casting: Corona (safe; 3% risk of failure)
Confirm with . or Enter, or press ? or * to list all spells.
Okay, then.
You see here a hobgoblin corpse.
You can't eat.
A hobgoblin comes into view.
You see here a ring mail.
You start resting.
HP restored.
You see here a ring mail.
You see here a hobgoblin corpse.
There are no objects that can be picked up here. a hobgoblin corpse Drop what? 2/52 slots (_ for help) (? for menu, Esc to quit)
Okay, then.
Unknown command.
Unknown command.
You begin bloodletting.
You continue bloodletting. x5
Now bloodless.
You begin the revivification ritual.
You continue your ritual. x5
Now alive.
You feel frail.
You begin bloodletting.
You continue bloodletting. x5
Now bloodless.
You begin the revivification ritual.
You continue your ritual. x5
Now alive.
You feel frail.
You begin bloodletting.
You continue bloodletting. x5
Now bloodless.
Okay, then.
A hobgoblin is nearby!
You see here a hobgoblin corpse.
You see here a hobgoblin corpse.
There are no objects that can be picked up here. a hobgoblin corpse The hobgoblin shouts!
The hobgoblin completely misses you.
You hit the hobgoblin but do no damage. You hit the hobgoblin.
You bite the hobgoblin, but do no damage.
The hobgoblin is moderately wounded.
The hobgoblin misses you.
You hit the hobgoblin.
The hobgoblin is severely wounded.
The hobgoblin closely misses you.
You hit the hobgoblin but do no damage.
The hobgoblin is severely wounded.
The hobgoblin misses you.
You closely miss the hobgoblin. Your bite misses the hobgoblin.
The hobgoblin is severely wounded.
The hobgoblin hits you.
Ouch! That really hurt!
* * * LOW HITPOINT WARNING * * *
You are too injured to fight recklessly!
You are too injured to fight recklessly!
You are too injured to fight recklessly!
You are too injured to fight recklessly!
You barely miss the hobgoblin.
The hobgoblin is severely wounded.
The hobgoblin hits you.
You die...

.#....≈≈≈≈..#
.....≈≈≈≈≈≈.#
.....≈≈≈≈≈≈.#
.....≈≈≈≈≈≈.#
####..≈≈≈≈..# #
##......## #..#.########
# ##...[...†...###.##..
####..#########.@g......
.....###............##..
.........######..####
########## #..# #..#
#..# #..# ####


You could see a hobgoblin.

Vanquished Creatures
  An ooze (D:1)
  A hobgoblin (D:1)
2 creatures vanquished.

Notes
Turn   | Place    | Note
-------+----------+-------------------------------------------
     0 | D:1      | sankara the Vampire Enchanter began the quest for the Orb.
     0 | D:1      | Reached XP level 1. HP: 13/13 MP: 3/3
   108 | D:1      | Slain by a hobgoblin

Levels and vault maps discovered:
D:1:      dpeg_arrival_pits, layout_loops_ring

Action                   || total
-------------------------++-------
Melee: Dagger            ||    11
       Bite              ||     1
 Cast: Corona            ||     1
 Abil: Exsanguinate      ||     3
       Revivify          ||     2
 Stab: Sleeping          ||     1
Dodge: Dodged            ||     6

Table legend:
 A = Non-vault XP
 B = Vault XP
 C = Vault XP percentage of total XP
 D = Non-vault monster count
 E = Vault monster count
 F = Vault count percentage of total count
                 A         B        C        D         E       F
            +---------+---------+-------+---------+---------+-------
      Total |       9 |       0 |   0.0 |       2 |       0 |   0.0
            +---------+---------+-------+---------+---------+-------
        D:1 |       9 |       0 |   0.0 |       2 |       0 |   0.0
            +---------+---------+-------+---------+---------+-------

Levels and vault maps discovered:
D:1:      dpeg_arrival_pits, layout_loops_ring

Table legend:
 A = Turns spent in this place as a percentage of turns spent in the entire game.
 B = Non-inter-level travel turns spent in this place as a percentage of non-inter-level travel turns spent in the entire game.
 C = Inter-level travel turns spent in this place as a percentage of turns spent in this place.
 D = Turns resting spent in this place as a percentage of non-inter-level travel turns spent in this place.
 E = Turns spent auto-exploring this place as a percentage of non-inter-level travel turns spent in this place.
 F = Non-inter-level travel turns spent in this place divided by the number of levels of this place that you've seen.
                   A       B       C       D       E      F
               +-------+-------+-------+-------+-------+----------------------
         Total | 100.0 | 100.0 |   0.0 |   0.0 |  16.7 | 108.0
       Dungeon | 100.0 | 100.0 |   0.0 |   0.0 |  16.7 | 108.0
               +-------+-------+-------+-------+-------+----------------------

Table legend:
 A = Kills in this place as a percentage of kills in entire the game.
 B = Kills by you in this place as a percentage of kills by you in the entire game.
 C = Kills by friends in this place as a percentage of kills by friends in the entire game.
 D = Other kills in this place as a percentage of other kills in the entire game.
 E = Experience gained in this place as a percentage of experience gained in the entire game.
 F = Experience gained in this place divided by the number of levels of this place that you have seen.
                   A       B       C       D       E      F
               +-------+-------+-------+-------+-------+----------------------
         Total | 100.0 | 100.0 |   N/A |   N/A | 100.0 |   9.0
       Dungeon | 100.0 | 100.0 |   N/A |   N/A | 100.0 |   9.0
               +-------+-------+-------+-------+-------+----------------------
